[Event "Finnish Women Championship 2022"]
[Site "Helsinki"]
[Date "2022.04.20"]
[Round "6.2"]
[White "Sippola, Sara-Olivia"]
[Black "Norlamo, Sarabella"]
[Result "1-0"]
[ECO "B09"]
[WhiteElo "1531"]
[BlackElo "1957"]
[Annotator "TA"]
[PlyCount "61"]
[EventDate "2022.04.15"]
[EventType "tourn"]
[EventCountry "FIN"]
[SourceTitle "playchess.com"]
[Source "ChessBase"]
[SourceQuality "1"]
[TimeControl "40/5400+30:1800+30"]

1. e4 d6 2. d4 Nf6 3. Nc3 g6 4. f4 Bg7 5. Nf3 O-O 6. Bd3 Bg4 7. Be3 {[%emt 0:03:21] B09: Pirc Defence: Austrian Attack.} e5 8. O-O {[%emt 0:14:31] [#]} (8. h3 $5 Bxf3 9. Qxf3 $11) 8... exd4 $146 (8... Nc6 9. fxe5 dxe5) (8... Nc6 $11 9. fxe5 dxe5) ({Predecessor:} 8... Nbd7 9. f5 gxf5 10. exf5 e4 11. Nxe4 Nxe4 12. Bxe4 Re8 13. Qd3 Qe7 14. Ng5 h6 {0-1 (55) Hoffmann,K (1612)-Mader,H (1647) Rieneck 1993}) 9. Bxd4 $14 {[%emt 0:00:11] White is slightly better.} Nc6 10. Bf2 Re8 11. h3 Bxf3 12. Qxf3 Nb4 (12... Nd7 $14) 13. Bh4 (13. Bc4 $142) 13... Nxd3 14. cxd3 {[%emt 0:08:06] Threatens to win with d4.} c6 15. f5 {[%emt 0:15:06] aiming for fxg6.} Qb6+ 16. Kh1 {[%emt 0:01:52] Hoping for Bxf6.} Rf8 17. Ne2 h6 ({Don't do} 17... Qxb2 18. Rab1 Qe5 19. Rxb7 $14) (17... Nd7 $11 {remains equal.}) 18. Bxf6 $16 Bxf6 19. fxg6 fxg6 {[%emt 0:00:36] [#]} 20. Qg3 (20. Qg4 $1 $16 ) 20... Kh7 $2 {[%emt 0:03:43] [#] A mistake that costs the game.} (20... g5 $14) 21. Nf4 $1 $18 Rg8 22. Ne6 $1 Bg7 23. Qxd6 {[%emt 0:04:23] Strongly threatening Rf7.} Rae8 $2 (23... c5 {was called for.} 24. Qd7 Qc6 25. Qxc6 bxc6) 24. Rf7 Qxb2 25. Raf1 Kh8 26. Qd7 ({Not} 26. Rxg7 Rxg7 27. Nxg7 Qxg7 $16) 26... Rb8 27. d4 {[%emt 0:01:07] White mates.} Qe2 28. Kh2 Qxe4 29. Rxg7 g5 30. Rf6 Qh4 31. Rh7# {[%emt 0:00:07] Weighted Error Value: White=0.11 (very precise) /Black=0.60} 1-0

[Event "Finnish Women Championship 2022"]
[Site "Helsinki"]
[Date "2022.04.20"]
[Round "6.3"]
[White "Nazarova, Anastasia"]
[Black "Dannenberg, Alia"]
[Result "1-0"]
[ECO "B51"]
[WhiteElo "2222"]
[BlackElo "1896"]
[Annotator "TA"]
[PlyCount "61"]
[EventDate "2022.04.15"]
[EventType "tourn"]
[EventCountry "FIN"]
[SourceTitle "playchess.com"]
[Source "ChessBase"]
[SourceQuality "1"]
[TimeControl "40/5400+30:1800+30"]

1. e4 c5 2. Nf3 d6 3. Bb5+ Nc6 4. c3 Bd7 5. O-O g6 6. d4 cxd4 7. cxd4 (7. Nxd4 Nf6 $11) 7... Bg7 {[%emt 0:00:13] B51: Sicilian: Moscow Variation (3 Bb5+) without 3...Bd7.} 8. Nc3 a6 9. Bc4 e6 {[%emt 0:02:13] White is better.} 10. d5 Na5 {[%emt 0:14:40] [#]} 11. dxe6 $146 ({Predecessor:} 11. Bd3 b5 12. dxe6 Bxe6 13. Bf4 Ne7 14. Rc1 O-O 15. Qd2 Nc4 16. Bxc4 Bxc4 17. Rfd1 {½-½ (27) Miculka,D (2034)-Pavlasek,L (1681) Chess.com INT 2021}) 11... Bxe6 (11... fxe6 12. Be2) 12. Bxe6 (12. Bg5 Nf6 13. Bxe6 fxe6 $16) 12... fxe6 13. Ng5 (13. Bf4 $18) 13... Qd7 (13... Qe7 $16) 14. e5 h6 15. Nge4 (15. exd6 hxg5 16. Re1 (16. Bxg5 Nf6 $15) 16... Bxc3 17. bxc3 O-O-O 18. Bxg5 Re8 $11) 15... Bxe5 16. f4 {[%emt 0:03:18][%mdl 64] Deflection} Bg7 (16... Bxc3 $142 17. bxc3 O-O-O) 17. f5 {[%emt 0:06:07] &Bianco is more active.} (17. Qxd6 $6 Rd8 18. Qxd7+ Rxd7 $14) (17. Nxd6+ $142 Ke7 18. Nce4) 17... O-O-O $2 (17... exf5 $16 18. Nxd6+ Kf8) 18. fxg6 {[%emt 0:02:13] Threatens to win with Rf7.} (18. f6 $6 Nxf6 19. Nxf6 (19. Rxf6 d5 $11) 19... Qe7 $16) 18... Nc6 19. Be3 Be5 (19... Nge7 {was worth a try.} 20. Rf7 Bxc3) 20. Rf7 (20. b4 $142) 20... Nge7 $18 21. h4 $36 {[%emt 0:03:32][%mdl 2048] Black is under strong pressure.} ({Not} 21. g7 Rhg8 $11) 21... h5 {[%emt 0:01:32] [#]} (21... Kb8 $142 22. Qb3 (22. g7 Rhg8 $16) 22... Qc8) 22. Bg5 {[%emt 0:01:47] The board is on fire.} (22. Na4 $1 $18 {[%cal Ra4b6] is more deadly. Hoping for Nb6+.} Kb8 23. Ng5 (23. Nb6 Qe8 $11)) 22... Rdf8 $2 {[%emt 0:04:02][%mdl 8192] [#]} (22... Rhg8 $16) 23. g7 $1 {[%emt 0:01:47][%mdl 512] White is clearly winning.} Rxf7 (23... Bxg7 24. Rxg7) 24. gxh8=Q+ Bxh8 25. Nxd6+ Kc7 26. Nxf7 Bd4+ 27. Kh2 Nf5 28. Qxh5 Kb6 29. g3 Bf2 30. Ne4 Qd4 31. Qe2 {[%emt 0:00:39] Weighted Error Value: White=0.42/Black=0.65} 1-0

[Event "Finnish Women Championship 2022"]
[Site "Helsinki"]
[Date "2022.04.20"]
[Round "6.4"]
[White "Turunen, Tiina"]
[Black "Rinne, Heini"]
[Result "1/2-1/2"]
[ECO "B00"]
[WhiteElo "1585"]
[BlackElo "1847"]
[Annotator "NA RC COMBH"]
[PlyCount "72"]
[EventDate "2022.04.15"]
[EventType "tourn"]
[EventCountry "FIN"]
[SourceTitle "playchess.com"]
[Source "ChessBase"]
[SourceQuality "1"]
[TimeControl "40/5400+30:1800+30"]

1. d4 Nc6 2. Nf3 d6 3. e4 Nf6 4. Nc3 Bg4 5. Be2 e5 6. d5 Ne7 7. O-O Ng6 8. h3 Bd7 9. Re1 Be7 10. Be3 O-O 11. Qd2 Qc8 12. Nh2 c6 13. Bg5 c5 14. Rac1 a6 15. Bxf6 Bxf6 16. a4 Qd8 (16... Bd8 $15) 17. Nf3 (17. Ra1 $11 {should be considered.}) 17... Nf4 18. Bf1 Rb8 (18... Be7 $15 {deserves consideration.}) 19. b3 Kh8 20. Ne2 $11 g5 21. Nh2 Qc8 22. c4 Rg8 23. g4 h5 24. f3 h4 25. Nc3 Bd8 26. Nd1 b5 27. axb5 axb5 28. Ne3 Ra8 29. Qb2 b4 30. Ra1 Bc7 31. Ra2 Rxa2 32. Qxa2 Qb7 33. Ra1 Rb8 34. Qa7 Kg7 35. Kf2 Kf6 36. Ke1 Ke7 1/2-1/2

[Event "Finnish Women Championship 2022"]
[Site "Helsinki"]
[Date "2022.04.21"]
[Round "7.4"]
[White "Norlamo, Sarabella"]
[Black "Nazarova, Anastasia"]
[Result "0-1"]
[ECO "A29"]
[WhiteElo "1957"]
[BlackElo "2222"]
[Annotator "TA"]
[PlyCount "108"]
[EventDate "2022.04.15"]
[EventType "tourn"]
[EventCountry "FIN"]
[SourceTitle "playchess.com"]
[Source "ChessBase"]
[SourceQuality "1"]
[TimeControl "40/5400+30:1800+30"]

1. c4 Nf6 2. Nc3 e5 3. g3 d5 4. cxd5 Nxd5 5. Bg2 Nb6 6. Nf3 Nc6 7. O-O Be6 8. d3 Be7 9. Be3 f5 {[%emt 0:12:56] A29: English Opening: Four Knights Variation with 4 g3.} 10. d4 e4 11. Ne1 {[%emt 0:03:23] [#]} (11. Nd2 $11) 11... Qd7 $146 {[%emt 0:06:00] Black is better.} ({Predecessor:} 11... Bf6 12. Nc2 Qd7 13. f3 exf3 14. exf3 O-O-O 15. Ne2 Rhe8 16. b3 Nd5 17. Bf2 f4 {0-1 (85) Llopis Jordan,L (1931)-Ayala Abenza,J (2149) Barcelona 2014}) 12. Nc2 O-O-O 13. Qc1 Nd5 14. Bg5 Bxg5 15. Qxg5 h6 16. Qc1 g5 17. f3 Ndb4 {[%emt 0:17:06] Black is much more active.} (17... exf3 $1 $17 18. Rxf3 f4) 18. fxe4 $11 {[%emt 0:04:59] aiming for d5.} Nxc2 19. Qxc2 Nxd4 20. Qc1 fxe4 21. Bxe4 (21. Qe3 $1 $15) 21... Bh3 $17 22. Rf2 Qe6 23. Qe1 Qe5 24. Rd1 h5 25. e3 Ne6 (25... Nb5 $17 26. Nxb5 Qxb5) 26. Rxd8+ $11 Rxd8 27. Rd2 (27. Qe2 $5 ) 27... Rxd2 28. Qxd2 c6 29. Qf2 Qc5 30. Bg2 Bxg2 31. Kxg2 b5 32. Ne4 Qd5 33. Qc2 (33. Qf5 $11) 33... g4 {[%emt 0:00:56] ...Ng5 is the strong threat.} 34. Kg1 Kc7 35. a4 {[%emt 0:00:56] [#]} b4 $1 36. Nf6 {[%emt 0:00:24] [#]} (36. b3 $142) 36... Qf3 (36... Qg5 $142 $1 37. Qf2 Nc5) 37. Qf2 (37. Nxh5 $17 Qxe3+ 38. Qf2 Qxf2+ 39. Kxf2) 37... Ng5 ({Black should try} 37... Qxf2+ $19 38. Kxf2 Nc5) 38. Qxf3 $17 Nxf3+ {[%emt 0:00:04][%mdl 4096] Endgame KN-KN} 39. Kh1 $2 {[%emt 0:00:29][%mdl 8192] Now White is beyond hope.} (39. Kf2 $17) 39... Ne1 40. Nxh5 $2 (40. Ne4 {was necessary.} Nc2 41. Kg1) 40... Nd3 $19 41. b3 Nc1 42. Nf6 $2 (42. Kg1 Nxb3 43. Kf2) 42... Nxb3 43. Nxg4 Nc5 {[%emt 0:02:43] Threatens to win with ...b3.} 44. Nf2 b3 45. Nd1 Nxa4 {[%emt 0:00:09] And now ...c5 would win.} 46. h4 $2 (46. Kg2) 46... b2 {[%emt 0:07:37] Black is clearly winning.} 47. Nxb2 Nxb2 {[%emt 0:00:02] KN-K3P} 48. h5 Nc4 49. h6 Ne5 50. h7 Ng6 51. Kg2 a5 52. Kf2 a4 53. Ke2 a3 54. Kd2 a2 {[%emt 0:00:03] Weighted Error Value: White=0.49/Black=0.19 (very precise)} 0-1

[Event "Finnish Women Championship 2022"]
[Site "Helsinki"]
[Date "2022.04.21"]
[Round "7.5"]
[White "Lehtinen, Helja"]
[Black "Sippola, Sara-Olivia"]
[Result "1-0"]
[ECO "A11"]
[WhiteElo "1907"]
[BlackElo "1531"]
[Annotator "TA"]
[PlyCount "79"]
[EventDate "2022.04.15"]
[EventType "tourn"]
[EventCountry "FIN"]
[SourceTitle "playchess.com"]
[Source "ChessBase"]
[SourceQuality "1"]
[TimeControl "40/5400+30:1800+30"]

1. Nf3 d5 2. e3 Nf6 3. c4 c6 4. Nc3 e6 5. b3 Bd6 6. Bb2 O-O 7. d4 {[%emt 0:02:44] A11: English Opening: 1...c6.} b6 8. Bd3 Nbd7 9. cxd5 {[%emt 0:04:00] The position is equal.} exd5 10. O-O Re8 {[%emt 0:01:24] Inhibits e4.} 11. Qc2 Bb7 12. Rac1 {[%emt 0:04:48] [#]} Nf8 $146 ({Predecessor:} 12... Qe7 13. Bf5 g6 14. Bh3 Rad8 15. Ne2 Ne4 16. Bxd7 Rxd7 17. Ne5 Rc7 {1-0 (37) Zvjaginsev,V (2639)-Vokhidov,S (2512) St Petersburg 2019}) 13. Rfd1 Ng6 14. Ne2 Qe7 15. Ng3 Bxg3 16. hxg3 Ne4 17. Qe2 a5 18. a4 f6 19. Qc2 Nh8 20. Nd2 ({White should try} 20. g4 $14) 20... f5 $1 $11 21. Nf3 Nf7 22. Ra1 Nfd6 23. Ne5 Rac8 24. Qe2 Ra8 (24... Qg5 $11 {remains equal.}) 25. Rdc1 Rec8 (25... Rac8 $14) 26. Rc2 $16 c5 {[%emt 0:03:45] [#]} 27. Rac1 $1 Rc7 28. Ba3 Rac8 29. Nf3 Qd7 30. dxc5 Nxc5 31. Bxc5 bxc5 (31... Rxc5 $142 32. Qe1 Rxc2 33. Rxc2 Ne4) 32. Qd2 c4 33. Qxa5 Ra8 34. Qd2 Rcc8 (34... Ne4 $142 35. Bxe4 fxe4) 35. bxc4 $18 {[%emt 0:01:37][%cal Bb3c4,Bc4c5][%mdl 32] [#] Threatens to win with c5.} Qxa4 36. c5 ({Less strong is} 36. cxd5 Rxc2 37. Bxc2 Qa2 $18) 36... Ne4 37. Bxe4 dxe4 38. Nd4 {[%emt 0:02:46] c6 is the strong threat.} Ba6 (38... Qa5 {was called for.} 39. Qd1 (39. Nxf5 Rxc5 40. Qxa5 Rcxa5 $18) 39... Rd8) 39. Nxf5 Rd8 40. Qc3 {[%emt 0:00:25] Weighted Error Value: White=0.13 (very precise) /Black=0.31} 1-0

[Event "Finnish Women Championship 2022"]
[Site "Helsinki"]
[Date "2022.04.22"]
[Round "8.2"]
[White "Nazarova, Anastasia"]
[Black "Lehtinen, Helja"]
[Result "1-0"]
[ECO "E88"]
[WhiteElo "2222"]
[BlackElo "1907"]
[Annotator "TA"]
[PlyCount "61"]
[EventDate "2022.04.15"]
[EventType "tourn"]
[EventCountry "FIN"]
[SourceTitle "playchess.com"]
[Source "ChessBase"]
[SourceQuality "1"]
[TimeControl "40/5400+30:1800+30"]

1. d4 Nf6 2. c4 g6 3. Nc3 Bg7 4. e4 d6 5. f3 O-O 6. Be3 e5 7. d5 c6 8. Qd2 Ne8 9. g4 {[%emt 0:04:55] White is more active. E88: King's Indian: Sämisch: 6...e5 7 d5 c6.} Na6 10. O-O-O c5 {[%emt 0:03:57] [#]} (10... Qa5 $16 {keeps fighting.}) 11. Bd3 $146 ({White should try} 11. h4 $18) ({Predecessor:} 11. h4 f6 12. Nge2 f5 13. Bg5 Bf6 14. gxf5 Bxg5 15. hxg5 gxf5 16. Bh3 f4 17. Rdg1 {1-0 (37) Curovic,S-Volk,A Boeblingen 1985}) 11... Rb8 {[%emt 0:08:16] [#]} (11... Nb4 $16 {was worth a try.}) 12. h4 $1 $18 Nb4 13. Bb1 f5 (13... Nc7 $142 14. h5 Bh8) 14. exf5 gxf5 15. a3 Na6 16. h5 fxg4 17. fxg4 Bxg4 18. Nge2 Kh8 19. h6 Bf6 20. Rhg1 Rg8 21. Qd3 $40 {[%emt 0:17:56][%mdl 128] Black is in trouble.} (21. Rdf1 $142) 21... Qd7 $2 (21... Qe7 22. Rdf1 Bg5) 22. Rdf1 Bh4 23. Ne4 Qe7 24. N2g3 {[%emt 0:11:43] [#] Hoping for Nf5.} Rd8 $2 (24... Rg6 25. Nf2 Bd7) 25. Nf5 Bxf5 26. Rxf5 {[%emt 0:00:10] Strongly threatening Ng5.} Rxg1+ 27. Bxg1 Rd7 28. Qf1 {[%emt 0:00:13] Intending Rf8+ and mate.} Kg8 {[%emt 0:00:58] Inhibits Rf8+.} 29. Be3 {[%emt 0:01:16] Qg2+ is the strong threat.} Nec7 30. Qg2+ Kh8 31. Qf3 {[%emt 0:00:05] Black did not feel at home in the position after the opening.  Weighted Error Value: White=0.30/Black=0.86} 1-0

[Event "Finnish Women Championship 2022"]
[Site "Helsinki"]
[Date "2022.04.22"]
[Round "8.3"]
[White "Turunen, Tiina"]
[Black "Norlamo, Sarabella"]
[Result "1-0"]
[ECO "D02"]
[WhiteElo "1585"]
[BlackElo "1957"]
[Annotator "TA"]
[PlyCount "141"]
[EventDate "2022.04.15"]
[EventType "tourn"]
[EventCountry "FIN"]
[SourceTitle "playchess.com"]
[Source "ChessBase"]
[SourceQuality "1"]
[TimeControl "40/5400+30:1800+30"]

1. d4 Nf6 2. Nf3 e6 3. Bf4 d5 4. Nbd2 Bd6 5. Bxd6 Qxd6 6. e3 O-O {[%emt 0:03:14] D02: 1 d4 d5 2 Nf3 sidelines, including 2...Nf6 3 g3 and 2...Nf6 3 Bf4.} 7. Be2 Nbd7 8. O-O e5 {[%emt 0:03:06] The position is equal.} 9. dxe5 Nxe5 10. Nxe5 Qxe5 11. c3 c6 {[%emt 0:05:59] [#]} 12. Rc1 $146 ({Predecessor:} 12. Nf3 Qc7 13. Re1 Re8 14. Qc2 Bg4 15. Nd2 Re6 16. Bxg4 Nxg4 17. Nf1 {0-1 (61) Liebl,L (1519)-Bail,E (1851) Sao Bento do Sul 2016}) 12... Bf5 13. Nf3 Qe7 14. Re1 Rad8 15. Bd3 Bg4 16. h3 Bh5 17. Be2 Rfe8 18. Nd4 Bg6 19. Bd3 Ne4 20. Nf3 Bh5 21. Be2 Rd7 22. Nd4 Bg6 (22... Nxf2 23. Kxf2 Qxe3+ 24. Kf1 Qf4+ 25. Bf3 $16) 23. Bg4 Rd6 24. Nf5 (24. b4 $15) 24... Bxf5 $17 25. Bxf5 {[%emt 0:00:49] [#]} Nxf2 $1 26. Bxh7+ (26. Kxf2 Rf6) 26... Kxh7 27. Kxf2 Rf6+ 28. Kg1 Re6 29. Qd3+ Kg8 30. Kf2 (30. c4 $17) 30... Qh4+ $19 31. Kf1 (31. Kg1 $17 {was called for.}) 31... Rf6+ 32. Kg1 Qf2+ ({Weaker is} 32... Qg3 33. Re2 $17) 33. Kh1 Qxb2 34. Rc2 Qa3 35. Rb1 b6 36. Rb4 Qa5 37. Rh4 Rh6 {[%emt 0:02:53] Against Qh7+} (37... Qc5 $19 38. Re2 (38. Qh7+ $2 Kf8 $19) 38... g6) 38. Rxh6 $15 gxh6 {[%emt 0:00:02][%mdl 4096] Endgame KQR-KQR} 39. Rf2 Qc5 40. Qf5 Qe7 41. Rf3 Qe6 42. Rg3+ Kf8 (42... Kh8 $17 43. Qf4 Kh7) 43. Qf4 $11 ({Much weaker is} 43. Qh7 Ke7 44. Qd3 Kd8 $17) 43... Rd8 44. Qh4 (44. Qa4 $11) 44... Rd6 $1 $17 (44... f6 $2 45. Qxh6+ Ke7 46. Qh7+ (46. Rg7+ Kd6 $18) 46... Kd6 47. Qxa7 $18) 45. Rf3 Qe4 46. Qg3 Qg6 (46... Qe7 $1 $17) 47. Qe5 $11 Qe6 48. Qf4 (48. Qd4 $11) 48... Ke7 ({Better is} 48... Qd7 $17) 49. Qh4+ Kd7 50. Qf4 (50. Qf2 $11) 50... Ke8 (50... a5 $1 $17) 51. Qh4 Qe7 52. Qf4 {[%emt 0:00:00] [#]} a5 (52... Kf8 $1 $17) 53. Rg3 (53. Qd4 $11) 53... Qf6 (53... Kd7 $17 {...Rf6 is the strong threat.} 54. Rf3 Re6) 54. Qg4 $1 $15 Re6 55. Qg8+ Ke7 56. Rf3 Qg6 57. Qc8 Kd6 {[%emt 0:01:32] Inhibits Qc7+.} (57... c5 $11 {keeps the balance.}) 58. Qf8+ $16 Ke5 (58... Re7 $16 {is a better defense.}) 59. Qb8+ Rd6 60. Qxb6 Qd3 $2 (60... Ke6 $16 61. Qxa5 Qb1+ 62. Kh2 Qb8) 61. Qxa5 $2 (61. Rxf7 {aiming for Re7+.} Qg6 62. Qc7) 61... Qb1+ 62. Kh2 Qb7 {[%emt 0:00:38] Prevents Qa7.} 63. Qa4 {[%emt 0:00:42] White threatens Qf4+ and mate.} Rg6 64. Qd4+ Ke6 65. a4 (65. c4 $18) 65... Qb2 66. Rg3 $36 {[%emt 0:00:25][%mdl 2048] Keeping Black busy.} Qb8 67. Qh4 (67. Qf4 $16 Qxf4 68. exf4) 67... Kd7 $1 $11 68. a5 Kc8 $2 {[%emt 0:00:19] [#]} (68... c5 $11) 69. a6 ({Only move:} 69. Qf4 $1 $16 ) 69... Qc7 $2 (69... c5 $11 {and Black stays safe.}) 70. a7 $2 (70. Qf4 $18) 70... Rxg3 $4 (70... Kb7 $11) 71. a8=Q+ {[%emt 0:02:28] White used his chance.  Weighted Error Value: White=0.19 (very precise) /Black=0.28 (precise)} 1-0